[Event "ICC tourney 2212 (3 2)"]
[Site "Internet Chess Club"]
[Date "2020.12.18"]
[Round "1"]
[White "Goran21"]
[Black "blackjack721"]
[Result "1-0"]
[ICCResult "Black checkmated"]
[WhiteElo "2008"]
[BlackElo "1492"]
[Opening "Petrov's defense"]
[ECO "C42"]
[NIC "RG.03"]
[Time "20:02:32"]
[TimeControl "180+2"]

1. e4 e5 2. Nf3 Nf6 3. Nxe5 d6 4. Nf3 Nxe4 5. c3 Be6 6. Qa4+ Qd7 7. Qxe4 Nc6
8. d4 O-O-O 9. Be3 f6 10. d5 Bf7 11. dxc6 bxc6 12. Ba6+ Kb8 13. Qb4+ Ka8 14.
Qb7# {Black checkmated} 1-0

[Event "ICC tourney 2212 (3 2)"]
[Site "Internet Chess Club"]
[Date "2020.12.18"]
[Round "1"]
[White "yogokings12"]
[Black "eigenator"]
[Result "0-1"]
[ICCResult "White resigns"]
[WhiteElo "1575"]
[BlackElo "2376"]
[Opening "KGD: Falkbeer, 5.de"]
[ECO "C32"]
[NIC "KG.04"]
[Time "20:02:25"]
[TimeControl "180+2"]

1. e4 e5 2. f4 d5 3. exd5 e4 4. d3 Nf6 5. dxe4 Nxe4 6. Nf3 Bc5 7. Qe2 f5 8.
Be3 Bxe3 9. Qxe3 O-O 10. Bd3 Qxd5 11. O-O Nc6 12. Nc3 Nxc3 13. bxc3 Kh8 14.
Rad1 Qa5 15. Ng5 h6 16. Qh3 Bd7 17. Qh5 Kg8 18. Bc4+ Kh8 19. Nf7+ Kh7 20.
Rxd7 Qc5+ 21. Kh1 Qxc4 22. Qxf5+ Kg8 23. Rfd1 Rxf7 {White resigns} 0-1

[Event "ICC tourney 2212 (3 2)"]
[Site "Internet Chess Club"]
[Date "2020.12.18"]
[Round "1"]
[White "SupaHotFiya"]
[Black "Jett503"]
[Result "1-0"]
[ICCResult "Black resigns"]
[WhiteElo "1982"]
[BlackElo "1435"]
[Opening "French: Tarrasch"]
[ECO "C03"]
[NIC "FR.07"]
[Time "20:02:33"]
[TimeControl "180+2"]

1. e4 e6 2. d4 d5 3. Nd2 dxe4 4. Nxe4 Nc6 5. Nf3 Nf6 6. Bd3 Be7 7. c3 O-O 8.
Qe2 g6 9. h4 Nxe4 10. Bxe4 Na5 11. h5 Qe8 12. hxg6 fxg6 13. Ne5 Bd6 14. Bh6
Rf6 15. Bg5 Rf8 16. Ng4 e5 17. Nf6+ Rxf6 18. Bxf6 exd4 19. Bd5+ Kf8 20. Bg7+
{Black resigns}
1-0

[Event "ICC tourney 2212 (3 2)"]
[Site "Internet Chess Club"]
[Date "2020.12.18"]
[Round "1"]
[White "Averyyu321"]
[Black "Openyagami"]
[Result "0-1"]
[ICCResult "White checkmated"]
[WhiteElo "1739"]
[BlackElo "2604"]
[Opening "Sicilian: Nimzovich-Rossolimo attack (without ...d6)"]
[ECO "B30"]
[NIC "SI.31"]
[Time "20:02:26"]
[TimeControl "180+2"]

1. e4 c5 2. Nf3 Nc6 3. Bb5 d6 4. Bxc6+ bxc6 5. d3 e5 6. Nc3 f5 7. O-O f4 8.
h3 g5 9. Nh2 h5 10. Ne2 g4 11. hxg4 hxg4 12. g3 Qf6 13. Nc3 Qh6 14. Re1
Qxh2+ 15. Kf1 f3 16. Ne2 Qg2# {White checkmated} 0-1

[Event "ICC tourney 2212 (3 2)"]
[Site "Internet Chess Club"]
[Date "2020.12.18"]
[Round "1"]
[White "iszerencsy"]
[Black "chessrex"]
[Result "0-1"]
[ICCResult "White resigns"]
[WhiteElo "1377"]
[BlackElo "1958"]
[Opening "Philidor: Philidor counter-gambit"]
[ECO "C41"]
[NIC "KP.08"]
[Time "20:02:39"]
[TimeControl "180+2"]

1. e4 e5 2. Nf3 d6 3. d4 f5 4. exf5 e4 5. Qe2 Qe7 6. Nfd2 Nc6 7. c3 Bxf5 8.
f3 exf3 9. Nxf3 Nf6 10. Nbd2 Qxe2+ 11. Bxe2 Be7 12. O-O O-O 13. Bc4+ d5 14.
Bb3 Kh8 15. Re1 Rae8 16. h3 Bd6 17. Nf1 Rxe1 18. Nxe1 Be4 19. Bc2 Bxc2 20.
Nxc2 Ne4 21. Be3 Ne7 22. Nd2 Nxd2 23. Bxd2 Ng6 24. Rf1 Bh2+ 25. Kxh2 Rxf1
26. Ne3 Rf2 27. Bc1 c6 28. Ng4 Rc2 29. Bg5 Rxb2 30. Ne5 Rxa2 31. Nxg6+ hxg6
32. Be7 Rc2 33. Bb4 b6 34. Kg3 a5 {White resigns} 0-1

[Event "ICC tourney 2212 (3 2)"]
[Site "Internet Chess Club"]
[Date "2020.12.18"]
[Round "1"]
[White "yav"]
[Black "ritterfork"]
[Result "0-1"]
[ICCResult "White checkmated"]
[WhiteElo "1216"]
[BlackElo "1846"]
[Opening "Sicilian: dragon variation"]
[ECO "B70"]
[NIC "SI.15"]
[Time "20:02:28"]
[TimeControl "180+2"]

1. e4 c5 2. Nf3 d6 3. d4 cxd4 4. Nxd4 Nf6 5. Nc3 g6 6. Bb5+ Nbd7 7. O-O Bg7
8. Re1 O-O 9. Rb1 a6 10. Bf1 b5 11. a3 Bb7 12. Bg5 Nc5 13. e5 dxe5 14. Rxe5
Qd6 15. Bf4 Nh5 16. Rd5 Qxf4 17. Rxc5 Bxd4 18. Ne2 Qxf2+ 19. Kh1 Bxc5 20. b4
Nf4 21. Qe1 Bxg2+ 22. Bxg2 Qxg2# {White checkmated} 0-1

[Event "ICC tourney 2212 (3 2)"]
[Site "Internet Chess Club"]
[Date "2020.12.18"]
[Round "1"]
[White "Tacticsguy52"]
[Black "baldwinsthename"]
[Result "1-0"]
[ICCResult "Black checkmated"]
[WhiteElo "1845"]
[BlackElo "1215"]
[Opening "Caro-Kann defense"]
[ECO "B12"]
[NIC "CK.01"]
[Time "20:02:33"]
[TimeControl "180+2"]

1. e4 c6 2. d4 d6 3. Nc3 Nd7 4. Nf3 Ngf6 5. Bc4 e6 6. O-O Be7 7. Bg5 h6 8.
Bxf6 Nxf6 9. Qe2 Ng4 10. e5 h5 11. h3 d5 12. Bd3 c5 13. hxg4 hxg4 14. Nh2 g3
15. fxg3 cxd4 16. Nb5 Qb6 17. a4 a6 18. Na3 Qxb2 19. Rfb1 Qc3 20. Qe1 Qc7
21. Qf2 Bd7 22. Rf1 f6 23. Bg6+ Kd8 24. exf6 Bxf6 25. Ng4 Be8 26. Bxe8 Rxe8
27. Nxf6 gxf6 28. Qxf6+ Kc8 29. Qxd4 Qxg3 30. Qc5+ Kb8 31. Qf2 Qc3 32. Qf7
Qc5+ 33. Rf2 Re7 34. Qf4+ Ka7 35. c4 e5 36. Qd2 d4 37. Nb5+ axb5 38. axb5+
Kb8 39. Rxa8+ Kxa8 40. Qa5+ Qa7 41. Rf8+ Re8 42. Rxe8# {Black checkmated}
1-0

[Event "ICC tourney 2212 (3 2)"]
[Site "Internet Chess Club"]
[Date "2020.12.18"]
[Round "1"]
[White "mhebden"]
[Black "clair"]
[Result "1-0"]
[ICCResult "Black checkmated"]
[WhiteElo "2503"]
[BlackElo "1682"]
[Opening "Robatsch (modern) defense"]
[ECO "A40"]
[NIC "KF.05"]
[Time "20:02:37"]
[TimeControl "180+2"]

1. d4 g6 2. e4 Bg7 3. Nf3 e6 4. Bd3 Ne7 5. O-O O-O 6. Re1 d6 7. c3 Nd7 8.
Nbd2 b6 9. Nf1 Bb7 10. h3 c5 11. Be3 Qc8 12. N1h2 Qc7 13. Qd2 Rad8 14. Bh6
Nf6 15. Bxg7 Kxg7 16. Ng4 Nxg4 17. hxg4 h6 18. g5 h5 19. b4 Rh8 20. Qf4 Ng8
21. bxc5 bxc5 22. Rab1 c4 23. Bxc4 Bxe4 24. Rxe4 Qxc4 25. Rb7 e5 26. dxe5
Qxa2 27. exd6 Qd5 28. Rxa7 Rxd6 29. Rd4 Qc5 30. Qxf7# {Black checkmated} 1-0

[Event "ICC tourney 2212 (3 2)"]
[Site "Internet Chess Club"]
[Date "2020.12.18"]
[Round "1"]
[White "stocktn2malone"]
[Black "Harsha777"]
[Result "0-1"]
[ICCResult "White resigns"]
[WhiteElo "1715"]
[BlackElo "2559"]
[Opening "Caro-Kann: Tartakower (Nimzovich) variation"]
[ECO "B15"]
[NIC "CK.06"]
[Time "20:02:37"]
[TimeControl "180+2"]

1. e4 c6 2. d4 d5 3. Nc3 dxe4 4. Nxe4 Nf6 5. Nxf6+ exf6 6. Nf3 Bd6 7. Be2
O-O 8. O-O Re8 9. c3 Nd7 10. Bc4 Nf8 11. Qb3 Qc7 12. Be3 Bg4 13. h3 Bxf3 14.
gxf3 b5 15. Bd3 Qd7 16. Kg2 Ng6 17. Bxg6 hxg6 18. Rg1 Qf5 19. a4 Rab8 20.
axb5 Rxb5 21. Qa2 Rxe3 22. fxe3 Qc2+ 23. Kf1 Rxb2 24. Qxb2 Qxb2 25. Rxa7
Qc1+ 26. Kf2 Qd2+ 27. Kf1 Qxe3 28. Rg2 Qxf3+ 29. Rf2 Qxh3+ 30. Ke2 Qxc3 31.
Ra4 Qc2+ 32. Kf1 Qxa4 {White resigns} 0-1

[Event "ICC tourney 2212 (3 2)"]
[Site "Internet Chess Club"]
[Date "2020.12.18"]
[Round "1"]
[White "edenhe"]
[Black "MrNormalName"]
[Result "0-1"]
[ICCResult "White resigns"]
[WhiteElo "1518"]
[BlackElo "2181"]
[Opening "Nimzo-Indian defense"]
[ECO "E20"]
[NIC "NI.30"]
[Time "20:02:50"]
[TimeControl "180+2"]

1. d4 Nf6 2. c4 e6 3. Nc3 Bb4 4. Bd2 O-O 5. Nf3 d5 6. e3 c5 7. cxd5 exd5 8.
dxc5 Bxc5 9. Bb5 Nc6 10. O-O Bg4 11. h3 Bh5 12. Na4 Bd6 13. Bxc6 bxc6 14.
Rc1 Ne4 15. g4 Bg6 16. Rxc6 Qd7 17. Rc1 h5 18. Nc3 hxg4 19. hxg4 Qxg4+ 20.
Kh1 Nxd2 {White resigns} 0-1

[Event "ICC tourney 2212 (3 2)"]
[Site "Internet Chess Club"]
[Date "2020.12.18"]
[Round "1"]
[White "stephenwilly"]
[Black "Monkeybomb3605"]
[Result "0-1"]
[ICCResult "White checkmated"]
[WhiteElo "1496"]
[BlackElo "2047"]
[Opening "Sicilian: Najdorf, Byrne (English) attack"]
[ECO "B90"]
[NIC "SI.14"]
[Time "20:02:29"]
[TimeControl "180+2"]

1. e4 c5 2. Nf3 d6 3. d4 cxd4 4. Nxd4 Nf6 5. Nc3 a6 6. Be3 e6 7. a4 Be7 8.
Be2 Nc6 9. O-O O-O 10. Re1 Qc7 11. h3 Rd8 12. f3 d5 13. exd5 Nxd5 14. Nxd5
Rxd5 15. Bc4 Rxd4 16. Bxd4 Nxd4 17. Bb3 Nxb3 18. cxb3 Bd7 19. Rc1 Qb6+ 20.
Kh1 Bc6 21. Qc2 g6 22. Red1 Bd5 23. b4 Qxb4 24. Rd3 Bc6 25. Rc3 Rd8 26. Rc4
Qd6 27. Qb3 Qe5 28. Qa2 Bd5 29. b3 Bxc4 30. bxc4 Bd6 31. Kg1 Qh2+ 32. Kf2
Bf4 33. Rc2 Rd1 34. Ke2 Qg1 35. Qb3 Qf1# {White checkmated} 0-1

[Event "ICC tourney 2212 (3 2)"]
[Site "Internet Chess Club"]
[Date "2020.12.18"]
[Round "1"]
[White "hggonzalezzss"]
[Black "shaivamkale"]
[Result "1-0"]
[ICCResult "Black checkmated"]
[WhiteElo "1767"]
[BlackElo "421"]
[Opening "Four knights: Rubinstein counter-gambit"]
[ECO "C48"]
[NIC "KP.03"]
[Time "20:02:31"]
[TimeControl "180+2"]

1. e4 e5 2. Nf3 Nc6 3. Bb5 Nf6 4. Nc3 Nd4 5. Bc4 d6 6. h3 c6 7. d3 Be6 8.
Bb3 d5 9. Nxe5 dxe4 10. Nxe4 Bd6 11. Nxd6+ Qxd6 12. Nf3 O-O 13. O-O Bd5 14.
Nxd4 Bxg2 15. Kxg2 Nh5 16. Nf5 Nf4+ 17. Bxf4 Qxf4 18. Qf3 Qc7 19. Rfe1 Rae8
20. Qg4 g6 21. Qd4 Re5 22. Nh6+ Kg7 23. Rxe5 Rd8 24. Rd5+ f6 25. Rxd8 Qf7
26. Rg8+ Kxh6 27. Qh4# {Black checkmated} 1-0

[Event "ICC tourney 2212 (3 2)"]
[Site "Internet Chess Club"]
[Date "2020.12.18"]
[Round "1"]
[White "Zapateado"]
[Black "miyzhang"]
[Result "1-0"]
[ICCResult "Black checkmated"]
[WhiteElo "1908"]
[BlackElo "1227"]
[Opening "Scotch gambit"]
[ECO "C44"]
[NIC "SO.06"]
[Time "20:02:46"]
[TimeControl "180+2"]

1. e4 e5 2. Nf3 Nc6 3. d4 exd4 4. Bc4 Bc5 5. c3 dxc3 6. Bxf7+ Kxf7 7. Qd5+
Ke8 8. Qh5+ g6 9. Qxc5 Nge7 10. Nxc3 d6 11. Qg5 Be6 12. Qf6 Rf8 13. Qxe6 Nb4
14. O-O Nc2 15. Rb1 h5 16. Qb3 Rxf3 17. gxf3 Qd7 18. Qxc2 Qh3 19. Qe2 g5 20.
Bxg5 h4 21. f4 Kd7 22. Qe3 Qg4+ 23. Kh1 Rg8 24. Rg1 Qe6 25. Bxe7 Rxg1+ 26.
Rxg1 Qxe7 27. f5 Qe5 28. f4 Qf6 29. e5 Qxf5 30. e6+ Kc6 31. Qe4+ Qxe4+ 32.
Nxe4 Kd5 33. e7 Kc6 34. e8=Q+ Kb6 35. Nc3 Kc5 36. Rg5+ Kd4 37. Qe4#
{Black checkmated}
1-0

[Event "ICC tourney 2212 (3 2)"]
[Site "Internet Chess Club"]
[Date "2020.12.18"]
[Round "1"]
[White "jy2020"]
[Black "Kinawa"]
[Result "1-0"]
[ICCResult "Black checkmated"]
[WhiteElo "2227"]
[BlackElo "1535"]
[Opening "Caro-Kann: two knights, 3...Bg4"]
[ECO "B10"]
[NIC "CK.01"]
[Time "20:02:25"]
[TimeControl "180+2"]

1. e4 c6 2. Nf3 d5 3. Nc3 Bg4 4. h3 Bh5 5. g4 Bg6 6. exd5 cxd5 7. Bb5+ Nc6
8. Ne5 Rc8 9. d4 Nf6 10. Qe2 e6 11. h4 h5 12. Nxg6 fxg6 13. g5 Ne4 14. Nxe4
dxe4 15. Bxc6+ Rxc6 16. Qxe4 Qa5+ 17. Bd2 Qf5 18. Qxf5 exf5 19. O-O-O Bd6
20. Kb1 O-O 21. Rhe1 Rfc8 22. c3 b5 23. Re6 Kf7 24. d5 R6c7 25. Rxd6 Re7 26.
Be3 a5 27. Rc6 Rxc6 28. dxc6 Rc7 29. Rd7+ Rxd7 30. cxd7 Ke7 31. Bb6 Kxd7 32.
Bxa5 Ke6 33. Kc2 Ke5 34. Bc7+ Ke4 35. c4 bxc4 36. a4 Kf3 37. a5 Kg4 38. a6
Kxh4 39. a7 Kxg5 40. a8=Q h4 41. Bd8+ Kg4 42. Qg2+ Kf4 43. Bc7#
{Black checkmated}
1-0

[Event "ICC tourney 2212 (3 2)"]
[Site "Internet Chess Club"]
[Date "2020.12.18"]
[Round "1"]
[White "bopala"]
[Black "chessfidebullet"]
[Result "1-0"]
[ICCResult "Black resigns"]
[WhiteElo "1939"]
[BlackElo "1289"]
[Opening "Queen's pawn: Charlick (Englund) gambit"]
[ECO "A40"]
[NIC "QO.17"]
[Time "20:02:34"]
[TimeControl "180+2"]

1. d4 e5 2. dxe5 d6 3. exd6 Bxd6 4. Nf3 Kf8 5. Bg5 f6 6. Bh4 g5 7. Bg3 h5 8.
Bxd6+ cxd6 9. e3 Bg4 10. Be2 Qb6 11. b3 Nc6 12. Qxd6+ Kg7 13. O-O Rd8 14.
Qa3 Bxf3 15. Bxf3 Ne5 16. Be2 Nh6 17. Qe7+ Nhf7 18. Bc4 Rhe8 19. Qa3 Qc7 20.
Bxf7 Ng4 21. g3 Kxf7 22. Qc1 h4 23. Rd1 hxg3 24. hxg3 Rh8 25. Rxd8 Rxd8 26.
Nd2 Kg6 27. Nf3 Qh7 28. Qf1 Rd2 29. Rd1 Rxf2 30. Qd3+ f5 31. Ne5+ Nxe5 32.
Qd6+ Kf7 33. Qc7+ Kg6 34. Qxh7+ Kxh7 35. Kxf2 Ng4+ 36. Kf3 Ne5+ 37. Ke2 Ng4
38. Rd7+ Kg6 39. Rxb7 {Black resigns} 1-0

[Event "ICC tourney 2212 (3 2)"]
[Site "Internet Chess Club"]
[Date "2020.12.18"]
[Round "1"]
[White "masonmcc"]
[Black "Shakhmatova"]
[Result "0-1"]
[ICCResult "White checkmated"]
[WhiteElo "778"]
[BlackElo "1792"]
[Opening "Queen's pawn: London system"]
[ECO "A45"]
[NIC "QP.07"]
[Time "20:02:30"]
[TimeControl "180+2"]

1. d4 Nf6 2. Bf4 d6 3. Nf3 c6 4. e3 g6 5. Bd3 Bg7 6. Nbd2 Nh5 7. Bg3 Qc7 8.
O-O Nd7 9. h3 O-O 10. Bh2 e5 11. c3 f5 12. e4 f4 13. b4 Ndf6 14. a4 Be6 15.
Re1 h6 16. Bc4 Rae8 17. Qb3 Qf7 18. Bxe6 Qxe6 19. c4 Kh7 20. d5 Qd7 21. c5
g5 22. dxc6 bxc6 23. cxd6 Qxd6 24. Rad1 Qe7 25. Nc4 Nd7 26. b5 Rb8 27. Qd3
Nc5 28. Qa3 cxb5 29. axb5 Rfc8 30. b6 axb6 31. Qb2 Re8 32. Rd5 b5 33. Ncxe5
Na4 34. Qd4 Rec8 35. Rd7 Qf6 36. g4 fxg3 37. fxg3 Rc2 38. Rf1 Rbc8 39. Rd6
Qe7 40. Qd5 Nf6 41. Qd4 Nc3 42. Nxg5+ hxg5 43. Ng4 Ne2+ 44. Kh1 Nxd4 45.
Rxd4 Nxg4 46. hxg4 Bxd4 47. Bg1 Qxe4+ 48. Rf3 Qxf3# {White checkmated} 0-1

[Event "ICC tourney 2212 (3 2)"]
[Site "Internet Chess Club"]
[Date "2020.12.18"]
[Round "1"]
[White "TjkTiger"]
[Black "ved2006"]
[Result "1-0"]
[ICCResult "Black resigns"]
[WhiteElo "2602"]
[BlackElo "1719"]
[Opening "English: Caro-Kann defensive system"]
[ECO "A11"]
[NIC "EO.64"]
[Time "20:02:59"]
[TimeControl "180+2"]

1. c4 c6 2. Nc3 d5 3. d4 Nf6 4. cxd5 cxd5 5. Bf4 e6 6. e3 Nc6 7. Bd3 Bd6 8.
Bxd6 Qxd6 9. f4 b6 10. Nf3 Bb7 11. Ne5 O-O 12. O-O Qd8 13. Qf3 Rc8 14. Qh3
h6 15. Rac1 Nb4 16. Bb1 Ba6 17. Rfd1 Nc6 18. Qf3 Na5 19. b3 Nc6 20. Nxc6
Rxc6 21. Nxd5 Rxc1 22. Nxf6+ Qxf6 23. Rxc1 Qe7 24. h3 Qa3 25. Qd1 Qd6 26.
Be4 Qa3 27. Rc2 Rc8 28. Rxc8+ Bxc8 29. Qc2 Ba6 30. Kh2 Qd6 31. Qc6 Qxc6 32.
Bxc6 Kf8 33. g4 Ke7 34. Kg3 Kd6 35. Be8 f6 36. e4 Bd3 37. Kf3 Bb1 38. a3 Ba2
39. b4 Bb3 40. Ke3 a6 41. Bf7 a5 42. f5 Ke7 43. Bxe6 Bxe6 44. fxe6 Kxe6 45.
bxa5 bxa5 46. h4 g6 47. Kf4 g5+ 48. hxg5 hxg5+ 49. Ke3 Kd6 50. Kd3 Kc6 51.
Kc4 Kb6 52. a4 Kc6 53. d5+ Kd6 54. Kd4 Ke7 55. Kc5 Kd7 56. Kb5 Kd6 57. Kxa5
Ke5 58. Kb6 Kxe4 59. d6 f5 60. d7 f4 61. d8=Q f3 62. Qxg5 f2 63. Qc1
{Black resigns}
1-0

[Event "ICC tourney 2212 (3 2)"]
[Site "Internet Chess Club"]
[Date "2020.12.18"]
[Round "1"]
[White "Jeffchess"]
[Black "xcelswimmer"]
[Result "0-1"]
[ICCResult "White checkmated"]
[WhiteElo "1254"]
[BlackElo "1920"]
[Opening "French: exchange variation"]
[ECO "C01"]
[NIC "FR.01"]
[Time "20:02:30"]
[TimeControl "180+2"]

1. e4 e6 2. d4 d5 3. exd5 exd5 4. Nc3 Bb4 5. Qe2+ Qe7 6. Bd2 c6 7. O-O-O
Qxe2 8. Bxe2 Nf6 9. Nf3 O-O 10. Ne5 Bf5 11. h3 Nbd7 12. Nxd7 Bxd7 13. a3 Bd6
14. Bd3 Rfe8 15. g3 Ne4 16. Nxe4 dxe4 17. Bf1 Be6 18. Bg2 Bd5 19. Be3 f5 20.
Rhg1 b5 21. h4 Kf7 22. Bh3 g6 23. h5 a5 24. hxg6+ hxg6 25. g4 f4 26. Bd2 g5
27. Rde1 b4 28. a4 Rh8 29. Bf1 Rh2 30. Rg2 Rah8 31. b3 Rxg2 32. Bxg2 f3 33.
Bh1 Kf6 34. Be3 Bf4 35. Kd2 Rh2 36. Rf1 Rh4 37. Rg1 Bh2 38. Rc1 Rxg4 39. c4
bxc3+ 40. Rxc3 Rg1 41. Rc1 Rxc1 42. Kxc1 Bxb3 43. Kb2 Bxa4 44. Ka3 Bb5 45.
Kb3 Ke6 46. Kc3 Kd5 47. Kb3 Bd6 48. Kc3 Bc4 49. Bxg5 Bb4+ 50. Kc2 Kxd4 51.
Be3+ Kd5 52. Kb2 a4 53. Kc2 Bb3+ 54. Kb2 c5 55. Ka1 c4 56. Kb2 c3+ 57. Kb1
Kc4 58. Bc1 Kd3 59. Ka1 Ke2 60. Kb1 Kxf2 61. Ka1 Ke2 62. Bf4 f2 63. Bg2
f1=Q+ 64. Bxf1+ Kxf1 65. Kb1 Kf2 66. Be5 c2+ 67. Kc1 Ba3+ 68. Kd2 c1=Q#
{White checkmated}
0-1

[Event "ICC tourney 2212 (3 2)"]
[Site "Internet Chess Club"]
[Date "2020.12.18"]
[Round "1"]
[White "breaker90"]
[Black "JensenUVA"]
[Result "1-0"]
[ICCResult "Black resigns"]
[WhiteElo "2112"]
[BlackElo "1516"]
[Opening "Sicilian: Nimzovich-Rossolimo attack (with ...g6, without ...d6)"]
[ECO "B31"]
[NIC "SI.31"]
[Time "20:02:44"]
[TimeControl "180+2"]

1. e4 c5 2. Nf3 Nc6 3. Bb5 g6 4. O-O Bg7 5. c3 e5 6. d3 Nge7 7. Be3 d6 8. h3
O-O 9. d4 exd4 10. cxd4 a6 11. Be2 Qb6 12. Na3 cxd4 13. Bf4 d5 14. e5 Be6
15. Qd2 Rac8 16. Nc2 Qc7 17. Rac1 Nxe5 18. Ncxd4 Nxf3+ 19. Bxf3 Qd7 20. Bh6
Nc6 21. Bxg7 Kxg7 22. Rfe1 Rfe8 23. b3 Nxd4 24. Qxd4+ Kg8 25. Rxc8 Rxc8 26.
Rd1 Rd8 27. Rc1 f5 28. Re1 Bf7 29. Re5 Qd6 30. Be2 b5 31. f4 Qc6 32. Bf3
Qc1+ 33. Kh2 Qc6 34. Re7 Rd7 35. Re5 Rd8 36. h4 Re8 37. Rxe8+ Qxe8 38. Bxd5
Bxd5 39. Qxd5+ Qf7 40. Qa8+ Kg7 41. Qxa6 Qd7 42. Qb6 h6 43. Qe3 Qc7 44. a4
bxa4 45. bxa4 Qa5 46. Qe5+ Kf7 47. Qxa5 {Black resigns} 1-0

[Event "ICC tourney 2212 (3 2)"]
[Site "Internet Chess Club"]
[Date "2020.12.18"]
[Round "1"]
[White "pmchess98"]
[Black "RG2017"]
[Result "0-1"]
[ICCResult "White forfeits on time"]
[WhiteElo "1441"]
[BlackElo "1989"]
[Opening "French: advance, Milner-Barry gambit"]
[ECO "C02"]
[NIC "FR.03"]
[Time "20:02:31"]
[TimeControl "180+2"]

1. e4 e6 2. d4 d5 3. e5 c5 4. c3 Nc6 5. Nf3 Qb6 6. Bd3 cxd4 7. cxd4 Bd7 8.
O-O Nxd4 9. Nxd4 Qxd4 10. Nc3 a6 11. Qe2 Ne7 12. Kh1 Nc6 13. f4 Nb4 14. Rd1
Nxd3 15. Rxd3 Qb6 16. Be3 Bc5 17. Bxc5 Qxc5 18. Qg4 g6 19. h3 h5 20. Qf3 Rc8
21. Rad1 b5 22. a3 O-O 23. f5 Rfe8 24. f6 Qf8 25. Qf4 Kh7 26. g4 Qh6 27. g5
Qf8 28. Rd4 Rc4 29. Rxc4 bxc4 30. Qf3 Rb8 31. Qe2 Qc8 32. Rd4 Kg8 33. Rh4
Rb7 34. Qd2 Qb8 35. Nd1 Ba4 36. Ne3 Rxb2 {White forfeits on time} 0-1

[Event "ICC tourney 2212 (3 2)"]
[Site "Internet Chess Club"]
[Date "2020.12.18"]
[Round "2"]
[White "miyzhang"]
[Black "yogokings12"]
[Result "0-1"]
[ICCResult "White checkmated"]
[WhiteElo "1227"]
[BlackElo "1575"]
[Opening "Sicilian: dragon, Yugoslav attack, 7...O-O"]
[ECO "B76"]
[NIC "SI.17"]
[Time "20:13:02"]
[TimeControl "180+2"]

1. e4 c5 2. Nf3 d6 3. d4 cxd4 4. Nxd4 Nf6 5. Nc3 g6 6. Be3 Bg7 7. f3 O-O 8.
Qd2 Nc6 9. g4 Be6 10. h4 d5 11. h5 dxe4 12. hxg6 hxg6 13. Bh6 Qxd4 14. Bxg7
Qxd2+ 15. Kxd2 Kxg7 16. g5 Rfd8+ 17. Ke3 Nd5+ 18. Nxd5 Bxd5 19. fxe4 Be6 20.
Rh6 Rh8 21. Bd3 Rxh6 22. gxh6+ Kxh6 23. Rh1+ Kg7 24. Kf4 Rh8 25. Rg1 Nb4 26.
a3 Nxd3+ 27. cxd3 Rh2 28. b4 Ra2 29. d4 Rxa3 30. d5 Bd7 31. e5 Rb3 32. d6
Rxb4+ 33. Kg5 exd6 34. exd6 Rb5+ 35. Kf4 Rd5 36. Re1 Rxd6 37. Ke5 Re6+ 38.
Kd5 Rxe1 39. Kd6 Be6 40. Ke7 a5 41. Kd6 a4 42. Ke7 a3 43. Kd6 a2 44. Kc5
a1=Q 45. Kb4 Qd4+ 46. Kb5 Bd7+ 47. Ka5 Ra1# {White checkmated} 0-1

[Event "ICC tourney 2212 (3 2)"]
[Site "Internet Chess Club"]
[Date "2020.12.18"]
[Round "2"]
[White "Monkeybomb3605"]
[Black "hggonzalezzss"]
[Result "1-0"]
[ICCResult "Black resigns"]
[WhiteElo "2047"]
[BlackElo "1767"]
[Opening "Sicilian"]
[ECO "B54"]
[NIC "SI.01"]
[Time "20:12:59"]
[TimeControl "180+2"]

1. e4 c5 2. Nf3 d6 3. d4 cxd4 4. Nxd4 g6 5. Nc3 Bg7 6. Be3 Nc6 7. f3 Bd7 8.
Qd2 Rc8 9. O-O-O Nf6 10. g4 Ne5 11. h4 h5 12. g5 Nh7 13. Kb1 Qa5 14. Nb3 Qc7
15. Nd5 Qd8 16. Bxa7 Nxf3 17. Qe3 Ne5 18. Bb6 Rc7 19. Nxc7+ Kf8 20. Ne6+
{Black resigns}
1-0

[Event "ICC tourney 2212 (3 2)"]
[Site "Internet Chess Club"]
[Date "2020.12.18"]
[Round "2"]
[White "Openyagami"]
[Black "SupaHotFiya"]
[Result "1-0"]
[ICCResult "Black resigns"]
[WhiteElo "2604"]
[BlackElo "1982"]
[Opening "English opening"]
[ECO "A10"]
[NIC "EO.64"]
[Time "20:13:07"]
[TimeControl "180+2"]

1. c4 d6 2. g3 e5 3. Bg2 f5 4. e3 Nf6 5. Ne2 g6 6. Nbc3 Bg7 7. d4 O-O 8. O-O
c6 9. dxe5 dxe5 10. b3 Qe7 11. a4 Rd8 12. Ba3 Qe8 13. Qc2 Be6 14. Rad1 Na6
15. e4 f4 16. gxf4 Nh5 17. f5 gxf5 18. exf5 Bd7 19. Ng3 Nf4 20. Nce4 Qf7 21.
Nd6 Qf6 22. Nxb7 h5 23. Nxd8 Rxd8 24. Be4 Nb8 25. Kh1 Rf8 26. Bxf8
{Black resigns}
1-0

[Event "ICC tourney 2212 (3 2)"]
[Site "Internet Chess Club"]
[Date "2020.12.18"]
[Round "2"]
[White "xcelswimmer"]
[Black "mhebden"]
[Result "0-1"]
[ICCResult "White resigns"]
[WhiteElo "1920"]
[BlackElo "2503"]
[Opening "King's Indian: Sämisch, Panno formation"]
[ECO "E83"]
[NIC "KI.52"]
[Time "20:13:00"]
[TimeControl "180+2"]

1. d4 Nf6 2. c4 g6 3. f3 Bg7 4. e4 d6 5. Nc3 O-O 6. Nge2 a6 7. Be3 Nc6 8.
Qd2 Na5 9. Ng3 b5 10. cxb5 axb5 11. Rc1 c6 12. h4 h5 13. Be2 e5 14. d5 b4
15. Nd1 cxd5 16. exd5 Bb7 17. Nf2 Nxd5 18. Bh6 b3 19. a3 Nf4 20. Bxg7 Kxg7
21. O-O Qxh4 22. Nge4 Bxe4 23. Nxe4 d5 24. Nc3 Qg5 {White resigns} 0-1

[Event "ICC tourney 2212 (3 2)"]
[Site "Internet Chess Club"]
[Date "2020.12.18"]
[Round "2"]
[White "ved2006"]
[Black "iszerencsy"]
[Result "0-1"]
[ICCResult "White checkmated"]
[WhiteElo "1719"]
[BlackElo "1377"]
[Opening "Old Benoni defense"]
[ECO "A43"]
[NIC "OI.09"]
[Time "20:13:21"]
[TimeControl "180+2"]

1. d4 c5 2. c3 e6 3. Nf3 cxd4 4. cxd4 Nf6 5. Nc3 Bb4 6. e3 O-O 7. Bd2 d5 8.
a3 Bd6 9. Bd3 a6 10. O-O h6 11. Qc2 Nbd7 12. e4 dxe4 13. Nxe4 Nxe4 14. Bxe4
f5 15. Bd3 Nf6 16. Bc3 Bd7 17. Ne5 Bxe5 18. dxe5 Nd5 19. Rad1 Bc6 20. Bc4
Qg5 21. g3 Nf4 22. h4 Qg4 23. Bd2 Qf3 24. Bxf4 Qg2# {White checkmated} 0-1

[Event "ICC tourney 2212 (3 2)"]
[Site "Internet Chess Club"]
[Date "2020.12.18"]
[Round "2"]
[White "shaivamkale"]
[Black "stephenwilly"]
[Result "0-1"]
[ICCResult "White checkmated"]
[WhiteElo "421"]
[BlackElo "1496"]
[Opening "Four knights: double Ruy Lopez"]
[ECO "C49"]
[NIC "KP.03"]
[Time "20:13:06"]
[TimeControl "180+2"]

1. e4 e5 2. Nf3 Nc6 3. Bb5 Nf6 4. Nc3 Bb4 5. Bxc6 bxc6 6. d3 d5 7. Bd2 O-O
8. Ng5 h6 9. Nf3 Ba6 10. O-O dxe4 11. Nxe5 Qd6 12. Nxe4 Nxe4 13. Ng4 Nxd2
14. Re1 Nf3+ 15. gxf3 Bxe1 16. Qxe1 Rfe8 17. Qd2 Qg6 18. Re1 h5 19. h3 f5
20. Qf4 Rxe1+ 21. Kg2 hxg4 22. hxg4 fxg4 23. fxg4 Rf8 24. Qg3 Bb7 25. f3
Re2+ 26. Kg1 c5 27. Qxc7 Bxf3 28. Qxc5 Qxg4+ 29. Kf1 Qg2# {White checkmated}
0-1